 Dungeon Crawl Stone Soup version 0.29-a0-414-g5075937ec3 (webtiles) character file.

Game seed: 7113489055958920222

112 ytrimaz the Insei (level 4, 0/29 HPs)
             Began as an Octopode Transmuter on May 15, 2022.
             Was an Initiate of Ashenzari.
             Succumbed to an adder's poison
             ... in a sewer.
             The game lasted 00:03:52 (3912 turns).

ytrimaz the Insei (Octopode Transmuter)             Turns: 3912, Time: 00:03:52

Health: 0/29       AC:  1    Str:  9    XL:     4   Next: 93%
Magic:  5/7        EV: 13    Int: 17    God:    Ashenzari [......]
Gold:   132        SH:  0    Dex: 12    Spells: 2/8 levels left

rFire   . . .      SeeInvis .     - Unarmed
rCold   . . .      Faith    .   h - orb {light}
rNeg    . . .      Spirit   .   (helmet currently unavailable)
rPois   .          Reflect  .   (no amulet)
rElec   .          Harm     .   (no ring)
rCorr   .          Rampage  .   (no ring)
Will    .....                   (no ring)
Stlth   ++........              (no ring)
HPRegen 0.09/turn               (no ring)
MPRegen 0.10/turn               (no ring)
                                (no ring)
                                (no ring)

@: lethally poisoned (0 -> -3), appendages (expiring), wereblooded, hasted,
glowing, very quick
A: tentacle spike 3, almost no armour, amphibious, 8 rings, camouflage 1,
gelatinous body 1, nimble swimmer 1, tentacles
a: End Transformation, Renounce Religion


You were in a sewer.
You worshipped Ashenzari.
Ashenzari was noncommittal.
One of your tentacles had grown a beastly spike.
You visited 1 branch of the dungeon, and saw 3 of its levels.
You also visited: Sewer.

You collected 132 gold pieces.

Inventory:

Armour
 h - an orb of light (worn)
Scrolls
 b - a scroll of magic mapping
Potions
 a - a potion of lignification
 d - a potion of invisibility {unknown}
 e - 2 potions of attraction
 f - 2 potions of mutation {unknown}
 g - 2 potions of curing {unknown}
 k - a potion of berserk rage {unknown}
 m - a potion of brilliance {unknown}


   Skills:
 * Level 2.0 Fighting
 - Level 2.0 Dodging
 + Level 4.0 Unarmed Combat
 + Level 2.6 Spellcasting
 + Level 2.6 Transmutations
 * Level 1.4 Poison Magic


You had 2 spell levels left.
You knew the following spells:

 Your Spells              Type           Power      Damage    Failure   Level
a - Beastly Appendage     Tmut           22%        N/A       6%          1
b - Wereblood             Tmut           11%        N/A       9%          2
c - Spider Form           Tmut/Pois      9%         N/A       24%         3

Your spell library contained the following spells:

 Spells                   Type           Power      Damage    Failure   Level
 Portal Projectile        Hex/Tloc       4%         N/A       50%         3
 Ice Form                 Ice/Tmut       6%         N/A       71%         4
 Blade Hands              Tmut           5%         N/A       86%         5
 Excruciating Wounds      Necr           1%         N/A       99%         5


Dungeon Overview and Level Annotations

Branches:
Dungeon (3/15)              Sewer (1/1)

Altars:
Ashenzari
Gozag


Innate Abilities, Weirdness & Mutations

One of your tentacles has grown a beastly spike.
You cannot wear most types of armour.
You are amphibious.
You can wear up to eight rings at the same time.
Your skin changes colour to match your surroundings (Stealth+).
Your rubbery body absorbs attacks. (AC +1, EV +1)
You are camouflaged when in or above water. (Stealth+)
You have tentacles for arms and can constrict up to eight enemies at once.


Message History

An adder comes into view.
A bullfrog comes into view.
You see here a frilled lizard corpse.
Found 20 gold pieces, a shiny lead wand and a phantom mirror.
The bullfrog barely misses you. The giant cockroach bites you.
The bullfrog barely misses you.
The bullfrog croaks.
You tentacle-slap the bullfrog. Your grab misses the bullfrog.
The bullfrog is moderately wounded.
You howl as the wereblood boils in your veins!
The giant cockroach closely misses you. The bullfrog closely misses you.
The giant cockroach misses you.
You barely miss the bullfrog. You grab the bullfrog.
The bullfrog is moderately wounded.
Your transformation is almost over.
You constrict the bullfrog. The bullfrog completely misses you.
The bullfrog hits you! The giant cockroach bites you.
You tentacle-slap the bullfrog.
You pierce the bullfrog.
The bullfrog is heavily wounded.
You howl as the wereblood boils in your veins!
You constrict the bullfrog. The adder bites you.
You are poisoned.
The adder poisons you! The bullfrog barely misses you.
The giant cockroach bites you but does no damage.
You release your grip on the bullfrog.
The adder attacks as you move away! The adder barely misses you.
The bullfrog attacks as you move away! The bullfrog closely misses you.
You feel sick. The bullfrog closely misses you. The bullfrog hits you.
The adder bites you but does no damage.
You feel sick. The bullfrog hits you. x2
* * * LOW HITPOINT WARNING * * *
The adder closely misses you.
Okay, then.
A frilled lizard and an adder come into view.
* * * LOW HITPOINT WARNING * * *
You feel sick.
The frilled lizard hisses angrily.
The adder hisses angrily.
The bullfrog barely misses you. The bullfrog hits you.
* * * LOW HITPOINT WARNING * * *
It was a potion of haste.
You feel yourself speed up.
You die...

............##
≈≈l≈≈≈r≈≈≈≈r..#
≈≈≈≈≈≈≈≈≈S≈≈≈≈.#
≈≈≈≈≈≈≈≈≈≈≈≈≈≈≈.#
≈≈≈≈≈≈≈≈≈..≈≈≈≈.#
≈≈≈≈≈≈≈≈≈≈≈.≈≈≈.#
≈≈≈≈≈≈≈≈≈≈≈.≈≈≈≈#
≈≈.≈.≈≈≈≈F@≈≈≈B≈#
≈≈≈≈≈r≈≈≈SF≈≈≈≈.#
}≈.≈.≈≈≈≈≈≈≈≈≈≈≈#
$?≈≈.≈≈≈†≈≈≈≈≈≈.#
/?≈.≈≈B≈≈≈≈≈≈≈≈.#
.≈≈...≈≈≈≈≈≈≈≈≈≈#
≈≈≈≈≈∩≈≈≈≈#≈≈≈≈≈#
≈≈≈≈≈≈≈≈≈##≈≈≈≈≈#
≈≈≈≈≈≈≈####≈≈≈≈.#


You could see 2 bullfrogs, 2 adders, 3 quokkas, 2 giant cockroaches and a
frilled lizard.

Vanquished Creatures
  3 adders
  12 ball pythons
  6 bats
  5 endoplasms
  9 giant cockroaches
  6 goblins
  2 hobgoblins
  4 jackals
  4 kobolds
  8 quokkas
  10 frilled lizards
  10 rats
79 creatures vanquished.

Notes
Turn   | Place    | Note
-------+----------+-------------------------------------------
     0 | D:1      | ytrimaz the Octopode Transmuter began the quest for the
                  | Orb.
     0 | D:1      | Reached XP level 1. HP: 13/13 MP: 3/3
   333 | D:1      | Reached XP level 2. HP: 15/18 MP: 5/5
   425 | D:1      | Found a faded altar of an unknown god.
  1088 | D:1      | Reached XP level 3. HP: 23/23 MP: 4/6
  1091 | D:1      | Learned a level 2 spell: Wereblood
  1095 | D:1      | Learned a level 3 spell: Spider Form
  2790 | D:3      | Reached XP level 4. HP: 28/29 MP: 3/7
  3125 | D:3      | Found an opulent altar of Gozag.
  3125 | D:3      | Found a broken altar of Ashenzari.
  3134 | D:3      | Reached skill level 1 in Poison Magic
  3139 | D:3      | Became a worshipper of Ashenzari the Shackled
  3481 | D:3      | Found a glowing drain.
  3485 | Sewer    | Entered a sewer
  3652 | Sewer    | Reached skill level 4 in Unarmed Combat
  3902 | Sewer    | Noticed a bullfrog
  3904 | Sewer    | Noticed a bullfrog
  3911 | Sewer    | HP: 1/29 [bullfrog (3)]
  3912 | Sewer    | Succumbed to an adder's poison

Illustrated notes

Levels and vault maps discovered:
D:1:      wander_arrival_lonely_grave, layout_basic,
          chequers_ecumenical_altar_lobes, minivault_4
D:2:      layout_loops_ring
D:3:      layout_basic, gammafunk_temple_overflow_pools, portal_sewer_entry_e,
          uniq_natasha
Sewer:    sewer_frog_island_01

Skill      XL: |  1  2  3  4 |
---------------+-------------+-----
Poison Magic   | 1 |  1.4
Fighting       | 2 |  2.0
Unarmed Combat | 4 |  4.0
Dodging        | |  2.0
Spellcasting   | |  2.6
Transmutations | |  2.6

Action                   |  1- 3 |  4- 6 || total
-------------------------+-------+-------++-------
Melee: Unarmed           |    96 |    54 ||   150
       Constrict         |    27 |    13 ||    40
       Punch             |     5 |       ||     5
       Tentacles         |    15 |     7 ||    22
       Kick              |    19 |    13 ||    32
 Cast: Beastly Appendage |    28 |    12 ||    40
       Spider Form       |     2 |       ||     2
       Wereblood         |     1 |     1 ||     2
  Use: Scroll            |     7 |       ||     7
       Potion            |       |     1 ||     1
 Stab: Sleeping          |     9 |       ||     9
Armor: Skin              |    11 |     7 ||    18
Dodge: Dodged            |    71 |    40 ||   111

Table legend: (Time is in decaauts)
 A = Elapsed time spent in this place.
 B = Non-inter-level travel time spent in this place.
 C = Inter-level travel time spent in this place.
 D = Time resting spent in this place.
 E = Time spent auto-exploring this place.
 F = Levels seen in this place.
 G = Mean time per level.
                   A        B        C        D        E       F      G
               +--------+--------+--------+--------+--------+-----+--------+
         Total |   3901 |   3882 |     19 |    385 |   2818 |   4 |  975.2 |
       Dungeon |   3475 |   3456 |     19 |    159 |   2694 |   3 | 1158.3 |
         Sewer |    425 |    425 |      0 |    226 |    124 |   1 |  425.0 |
               +--------+--------+--------+--------+--------+-----+--------+

Top non-repeatable levels by time:
     D:1: 1567 daAuts
     D:2: 1174 daAuts
     D:3: 733 daAuts
   Sewer: 425 daAuts
